 Dungeon Crawl Stone Soup version 0.30.0-5-g1a98f26d00 (webtiles) character file.

Game seed: 13057856729949363143

3 SnakkuSnakku7 the Sneak (level 1, 0/14 HPs)
             Began as a Vampire Hedge Wizard on May 12, 2023.
             Slain by a jackal (1 damage)
             ... on level 1 of the Dungeon.
             The game lasted 00:00:29 (94 turns).

SnakkuSnakku7 the Sneak (Vampire Hedge Wizard)        Turns: 94, Time: 00:00:30

Health: 0/14       AC:  2    Str:  9    XL:     1   Next: 41%
Magic:  4/4        EV: 12    Int: 16    God:
Gold:   0          SH:  0    Dex: 13    Spells: 5/6 levels left

rFire   . . .        a - +0 dagger
rCold   . . .        (no shield)
rNeg    . . .        b - +0 robe
rPois   .            c - +0 hat
rElec   .            (no cloak)
rCorr   .            (no gloves)
SInv    +            (no boots)
Will    .....        (no amulet)
Stlth   ++           (no ring)
HPRegen 0.42/turn    (no ring)
MPRegen 0.09/turn

%: no passive effects
@: healing quickly
A: alive, fangs 3, see invisible, vampiric 1
a: Exsanguinate


You were on level 1 of the Dungeon.
You visited 1 branch of the dungeon, and saw 1 of its levels.

Inventory:

Hand Weapons
 a - a +0 dagger (weapon)
Armour
 b - a +0 robe (worn)
 c - a +0 hat (worn)
Scrolls
 e - a scroll of identify {unknown}
Potions
 d - a potion of magic


   Skills:
 + Level 0.4 Fighting
 - Level 2.1 Dodging
 - Level 3.0 Stealth
 + Level 0.5 Unarmed Combat
 - Level 3.0 Spellcasting
 - Level 0.6 Conjurations
 - Level 1.0 Summonings
 - Level 0.7 Translocations


You had 5 spell levels left.
You knew the following spells:

 Your Spells              Type           Power      Damage    Failure   Level
a - Magic Dart            Conj           16%        1d3       14%         1

Your spell library contained the following spells:

 Spells                   Type           Power      Damage    Failure   Level
 Slow                     Hex            8%         N/A       19%         1
 Call Imp                 Summ           10%        N/A       19%         2
 Blink                    Tloc           8%         N/A       22%         2
 Cigotuvi's Dreadful Rot  Necr/Pois/Air  4%         N/A       28%         2
 Mephitic Cloud           Conj/Pois/Air  3%         N/A       45%         3


Dungeon Overview and Level Annotations

Branches:
Dungeon (1/15)

Altars:

Shops:
D:1 !


Innate Abilities, Weirdness & Mutations

Your natural rate of healing is accelerated.
You have razor-sharp teeth.
You have supernaturally acute eyesight. (SInv)
You are afflicted with vampirism.


Message History

The gnoll attacks as you move away! The gnoll hits you with a +0 whip.
Found 8 gold pieces.
The jackal barely misses you. The jackal attacks as you move away!
The jackal bites you. The jackal attacks as you move away!
The jackal bites you. The jackal attacks as you move away!
The jackal bites you but does no damage.
The kobold shouts!
The jackal barely misses you. The jackal bites you.
The jackal attacks as you move away! The jackal closely misses you.
The jackal attacks as you move away! The jackal closely misses you.
The jackal barely misses you. The jackal bites you.
The jackal attacks as you move away!
The jackal bites you but does no damage.
Found a scroll labelled GUTUKHL XISYNIEPP.
The jackal attacks as you move away! The jackal barely misses you.
Found a rapier.
Found Igufot's Distillery.
Found an escape hatch in the floor.
The jackal bites you. The jackal barely misses you.
The jackal attacks as you move away! The jackal closely misses you.
A hobgoblin comes into view.
The jackal attacks as you move away! The jackal barely misses you.
The jackal attacks as you move away! The jackal closely misses you.
The jackal bites you but does no damage. x2
The hobgoblin shouts!
The jackal barely misses you. The jackal bites you.
You see here a scroll labelled GUTUKHL XISYNIEPP.
The jackal attacks as you move away!
The jackal bites you but does no damage.
The jackal bites you.
The jackal bites you but does no damage.
The jackal bites you. The hobgoblin hits you. The jackal closely misses you.
The hobgoblin hits you.
* * * LOW HITPOINT WARNING * * *
The jackal attacks as you move away! The jackal bites you.
* * * LOW HITPOINT WARNING * * *
The jackal attacks as you move away! The jackal barely misses you.
The jackal bites you.
* * * LOW HITPOINT WARNING * * *
The jackal attacks as you move away! The jackal bites you.
You die...

.....#.........###.
............#.....
.............#..###
.............).....
...............h##
.............8..g#
.............KK#g#
...........8?∩.8h#
...........##.##@#
......#######8##.#
##..#.# ......
#....... ........
##########.#########
.........#.
.......<.#
.........#
###.>.####


You could see a gnoll, 2 jackals, a hobgoblin and 2 kobolds.

Vanquished Creatures
  2 jackals (D:1)
  A kobold (D:1)
3 creatures vanquished.

Notes
Turn   | Place    | Note
-------+----------+-------------------------------------------
     0 | D:1      | SnakkuSnakku7 the Vampire Hedge Wizard began the quest for
                  | the Orb.
     0 | D:1      | Reached XP level 1. HP: 13/13 MP: 4/4
    80 | D:1      | Found Igufot's Distillery.
    94 | D:1      | Slain by a jackal

Illustrated notes

Levels and vault maps discovered:
D:1:      amcnicky_arrival_blooded_trapdoor, layout_rooms,
          dreamdust_ecumenical_altar_hidden_monk_grotto, serial_shops,
          nicolae_shop_statue_plus, serial_bayou_pond_e

Action                     || total
---------------------------++-------
  Melee: Dagger            ||    28
         Bite              ||     2
 Armour: Robe              ||    18
  Dodge: Dodged            ||    47
